 Dungeon Crawl Stone Soup version 0.19-a0-1201-gda63bca (webtiles) character file.

78 AlphabetPasta the Slasher (level 4, -2/28 HPs)
             Began as a Tengu Chaos Knight on Aug 19, 2016.
             Slain by a gnoll (5 damage)
             ... on level 3 of the Dungeon on Aug 20, 2016.
             The game lasted 00:08:52 (1466 turns).

AlphabetPasta the Slasher (Tengu Chaos Knight)      Turns: 1466, Time: 00:08:52

Health: -2/28      AC:  7    Str: 10 (13) XL:     4   Next: 36%
Magic:  5/5        EV: 10    Int: 12 (13) God:    Xom [.....*]
Gold:   102        SH:  0    Dex: 13      Spells: 0 memorised, 3 levels left

rFire  + . .     SeeInvis .     a - +0 falchion (chaos)
rCold  . . .     Gourm    .     m - +0 ring mail (curse)
rNeg   . . .     Faith    .     (no shield)
rPois  .         Spirit   .     (helmet restricted)
rElec  .         Dismiss  .     f - +1 cloak
rCorr  .         Reflect  .     (no gloves)
MR     .....     Harm     .     (boots unavailable)
Stlth  +.........               (no amulet)
                                (no ring)
                                k - ring of protection from fire (curse)

@: no status effects
A: beak, talons 3
a: Renounce Religion


You were on level 3 of the Dungeon.
You worshipped Xom.
You were Xom's teddy bear.
You were not hungry.

You visited 1 branch of the dungeon, and saw 3 of its levels.

You collected 102 gold pieces.

Inventory:

Hand Weapons
 a - a +0 falchion of chaos (weapon)
Missiles
 l - 3 javelins (quivered)
 q - 79 arrows
Armour
 b - a +2 leather armour
 e - a +0 cloak
 f - a +1 cloak (worn)
 m - a cursed +0 ring mail (worn)
 p - a +0 scale mail
Jewellery
 k - a cursed ring of protection from fire (left hand)
 o - an uncursed ring of fire
Scrolls
 g - 5 scrolls of identify
 j - 5 scrolls of teleportation
 n - a scroll of remove curse
Potions
 h - a potion of might
 i - a potion of flight
Comestibles
 c - 3 bread rations
 d - a chunk of flesh


   Skills:
 + Level 3.4 Fighting
 * Level 4.3 Long Blades
 + Level 3.1 Armour
 + Level 1.8 Dodging


You had 3 spell levels left.
You didn't know any spells.

Dungeon Overview and Level Annotations

Branches:
Dungeon (3/15)

Altars:


Innate Abilities, Weirdness & Mutations

You have a beak for a mouth.
You have claws for feet.


Message History

The orc hits you but does no damage.
The gnoll hits you from afar with a halberd.
The gnoll hits you with a halberd.
You closely miss the gnoll. You claw the gnoll. You peck the gnoll.
The gnoll is lightly wounded.
The orc misses you. The gnoll hits you!
The gnoll hits you from afar with a halberd.
* * * LOW HITPOINT WARNING * * *
Unknown command.
You completely miss the orc.
You are now Xom's teddy bear.
The gnoll barely misses you.
You riposte.
Your ring mail prevents you from hitting the gnoll.
You claw the gnoll.
The gnoll is moderately wounded.
The orc hits you with a trident.
* * * LOW HITPOINT WARNING * * *
The gnoll hits you.
You die...
Xom is highly amused!

#....######.#
#...........##
#....#.......##
#....#........##+#######
####+
.....#.........)........
?....
.....#..................
.....
.....#..................
.....
.....#.......###'######
####+
.............##g@.#
...รท....######..og.#
####....# #.g.....#
#...(# #.......# #....#
#...)...# ####....#
##.....##
..##....#######...##
............#
###################
..#####.....#
#.................


You could see 3 gnolls and an orc.

Vanquished Creatures
  2 adders (D:2)
  2 worms
  2 giant geckos (D:1)
  3 orcs (D:3)
  7 bats
  A giant cockroach (D:1)
  4 hobgoblins
  5 jackals (D:2)
  7 kobolds
  A quokka (D:3)
  5 giant newts
  5 goblins (D:1)
  4 rats
48 creatures vanquished.

Notes
Turn   | Place    | Note
-------+----------+-------------------------------------------
     0 | D:1      | AlphabetPasta the Tengu Chaos Knight began the quest for the Orb.
     0 | D:1      | Reached XP level 1. HP: 14/14 MP: 2/2
   108 | D:1      | Reached XP level 2. HP: 12/19 MP: 3/3
   402 | D:1      | XOM: mild Erth miscast
   576 | D:2      | Reached XP level 3. HP: 23/23 MP: 4/4
   633 | D:2      | Reached skill level 4 in Long Blades
   842 | D:2      | Reached XP level 4. HP: 28/28 MP: 5/5
   958 | D:3      | Upgraded the game from 0.19-a0-1200-g056e253 to 0.19-a0-1201-gda63bca
  1351 | D:2      | XOM: harmless Ice miscast
  1466 | D:3      | Slain by a gnoll

Vault maps used:
D:1:      dpeg_arrival_pits, minmay_heptomino_d4
D:3:      kennysheep_six_static_rooms, okawaru_gym_becter

Skill      XL: |  1  2  3  4 |
---------------+-------------+-----
Long Blades    | 4 |  4.3
Armour         | 3 |  3.1
Fighting       | |  3.4
Dodging        | |  1.8

Action                   |  1- 3 |  4- 6 || total
-------------------------+-------+-------++-------
Melee: Falchion          |    80 |    54 ||   134
       Kick              |     6 |     8 ||    14
       Peck              |     5 |     4 ||     9
  Use: Potion            |     6 |     3 ||     9
       Scroll            |     6 |     1 ||     7
 Stab: Paralysed         |     1 |       ||     1
       Confused          |       |     2 ||     2
  Eat: Chunk             |       |     2 ||     2
Armor: Leather armour    |    22 |     2 ||    24
       Ring mail         |       |    10 ||    10
Dodge: Dodged            |    29 |    27 ||    56
